 Dungeon Crawl Stone Soup version 0.26.1-11-gd32895ea62 (webtiles) character file.

Game seed: 5738878584353642684

1443 Tiocfaidh the Cudgeller (level 8, -2/67 HPs)
             Began as a Green Draconian Gladiator on June 26, 2021.
             Was a Believer of Dithmenos.
             Slain by a hound (6 damage)
             ... on level 6 of the Dungeon.
             The game lasted 00:28:30 (5288 turns).

Tiocfaidh the Cudgeller (Green Draconian Gladiator) Turns: 5288, Time: 00:28:31

Health: -2/67      AC: -4    Str: 16    XL:     8   Next: 46%
Magic:  8/8        EV: 16    Int: 10    God:    Dithmenos [**....]
Gold:   351        SH:  0    Dex: 16    Spells: 7/7 levels left

rFire    + . .     SeeInvis .   p - +2 flail (venom)
rCold    x . .     Faith    .   (no shield)
rNeg     . . .     Spirit   .   (armour unavailable)
rPois    +         Reflect  .   b - +0 hat
rElec    .         Harm     .   h - +0 cloak
rCorr    .         Rampage  .   G - +0 pair of gloves
Will     .....                  (no boots)
Stlth    +.........             (no amulet)
HPRegen  0.21/turn              y - ring of attention (curse)
MPRegen  0.11/turn              D - ring of Okawaru's Whim {Fire +Inv Int+2}

@: corroded, wreathed by umbra
A: breathe noxious fumes, unfitting armour, poison resistance, cold-blooded, AC
+6
a: Breathe Noxious Fumes, Renounce Religion, Evoke Invisibility, Shadow Step


You were on level 6 of the Dungeon.
You worshipped Dithmenos.
Dithmenos was pleased with you.
You visited 2 branches of the dungeon, and saw 7 of its levels.
You also visited: Ossuary.

You collected 351 gold pieces.

Inventory:

Hand Weapons
 p - a +2 flail of venom (weapon)
 w - a +2 dagger of venom
Missiles
 c - a throwing net (quivered)
 v - 2 boomerangs
Armour
 b - a +0 hat (worn)
 h - a +0 cloak (worn)
 l - a +0 pair of gloves
 G - a +0 pair of gloves (worn)
Magical Staves
 E - an uncursed staff of poison {unknown}
Jewellery
 y - a cursed ring of attention (left hand)
 D - the ring of Okawaru's Whim (right hand) {Fire +Inv Int+2}
   (You found it in an ossuary)

   [ring of fire]

   It enhances your fire magic.
   It affects your intelligence (+2).
   It protects you from fire.
   It makes you vulnerable to cold.
   It lets you turn invisible.
Wands
 t - a wand of random effects (21)
Scrolls
 a - 3 scrolls of teleportation {unknown}
 d - 5 scrolls of remove curse {unknown}
 g - a scroll of fear {unknown}
 i - a scroll of magic mapping {unknown}
 j - 11 scrolls of identify {unknown}
 k - 2 scrolls of blinking {unknown}
 q - 2 scrolls of amnesia {unknown}
 s - 3 scrolls of random uselessness {unknown}
Potions
 e - 4 potions of mutation {unknown}
 f - 2 potions of degeneration {unknown}
 m - 5 potions of curing {unknown}
 n - 3 potions of lignification {unknown}
 o - 3 potions of heal wounds {unknown}
 r - a potion of might {unknown}
 u - a potion of magic {unknown}
 x - a potion of attraction {unknown}
 z - a potion of ambrosia {unknown}
 A - a potion of brilliance {unknown}
 B - a potion of haste {unknown}
 C - a potion of flight {unknown}
 F - a potion of cancellation {unknown}


   Skills:
 + Level 4.5 Fighting
 + Level 6.4 Maces & Flails
 + Level 4.5 Polearms
 + Level 1.9 Throwing
 + Level 5.8 Dodging
 + Level 2.5 Stealth


You had 7 spell levels left.
You didn't know any spells.
Your spell library contained the following spells:

 Spells                   Type           Power        Failure   Level
 Animate Skeleton         Necr           0%           36%         1
 Apportation              Tloc           0%           36%         1
 Corona                   Hex            0%           36%         1
 Summon Small Mammal      Summ           0%           36%         1


Dungeon Overview and Level Annotations

Branches:
Dungeon (6/15)             Temple (1/1) D:4         Ossuary (visited)

Altars:
Dithmenos
Fedhas
Gozag
Kikubaaqudgha
Makhleb
Qazlal
Ru
Xom
The Shining One

Shops:
D:6 :


Innate Abilities, Weirdness & Mutations

You can breathe blasts of noxious fumes.
Your lurid green scales are hard. (AC +6)
You cannot fit into any form of body armour.
Your system is resistant to poisons. (rPois)
You are cold-blooded and may be slowed by cold attacks.


Message History

The hound barely misses you.
You miss the hound.
The hound is heavily wounded.
The hound closely misses you. The hound misses you.
You closely miss the hound.
The hound is heavily wounded.
The hound bites you.
* * * LOW HITPOINT WARNING * * *
The hound bites you.
* * * LOW HITPOINT WARNING * * *
The hound barely misses you. The hound completely misses you.
The hound barely misses you. The hound bites you.
* * * LOW HITPOINT WARNING * * *
You hit the hound.
The hound looks even sicker.
The hound is almost dead.
The hound pauses to sniff the ground.
The hound bites you.
You die...

.......# #....###
#.##.# #.##.# .....#
..#### ### #
##########
#############...@h...#
..............######.#
.#####.######## #.####
.#####^# #....#
.##....# ####.#
.##.##.# #.# .......#
#.# .......# #######
#.......#
#...##.###.....#
#.##.##.#


You could see a hound (very poisoned).

Vanquished Creatures
  Grinder (D:4)
  An ice beast (D:5)
  A necrophage (D:6)
  An ogre (D:4)
  2 bullfrogs (D:6)
  A water moccasin zombie (Ossuary)
  3 scorpions
  A howler monkey (D:4)
  A jelly (D:6)
  An orc priest (D:5)
  2 orc wizards (D:3)
  3 worker ants
  5 big kobold zombies (Ossuary)
  A hound skeleton (D:6)
  2 mummies (Ossuary)
  9 adders
  3 gnolls (D:6)
  A white imp (D:5)
  An ooze (D:2)
  4 adder zombies
  6 worms
  14 dart slugs
  4 leopard geckos
  11 orcs
  7 bats
  2 giant cockroaches
  4 gnoll zombies (Ossuary)
  7 goblins
  7 hobgoblins
  3 quokkas
  2 ball pythons (D:3)
  6 frilled lizards
  3 hobgoblin zombies (Ossuary)
  7 kobolds
  5 kobold zombies (Ossuary)
  A leopard gecko skeleton (D:4)
  9 orc zombies (Ossuary)
  12 rats
154 creatures vanquished.

Notes
Turn   | Place    | Note
-------+----------+-------------------------------------------
     0 | D:1      | Tiocfaidh the Draconian Gladiator began the quest for the
                  | Orb.
     0 | D:1      | Reached XP level 1. HP: 17/17 MP: 1/1
    83 | D:1      | Reached XP level 2. HP: 18/24 MP: 2/2
   764 | D:2      | Reached XP level 3. HP: 30/30 MP: 3/3
  1214 | D:2      | Found a blossoming altar of Fedhas.
  1357 | D:2      | Reached XP level 4. HP: 23/37 MP: 4/4
  1929 | D:3      | Reached skill level 1 in Stealth
  2331 | D:3      | Reached XP level 5. HP: 28/42 MP: 5/5
  2541 | D:4      | Reached skill level 1 in Maces & Flails
  2761 | D:4      | Found a staircase to the Ecumenical Temple.
  2767 | Temple   | Entered the Ecumenical Temple
  2816 | Temple   | Became a worshipper of Dithmenos the Shadowed
  2892 | D:4      | Noticed Grinder
  2903 | D:4      | Paralysed by Grinder for 4 turns
  2917 | D:4      | Killed Grinder
  2918 | D:4      | Reached skill level 2 in Maces & Flails
  2918 | D:4      | Reached XP level 6. HP: 20/51 MP: 6/6
  3335 | D:4      | Reached skill level 3 in Maces & Flails
  3335 | D:4      | Your scales start taking on a lurid green colour.
  3335 | D:4      | Reached XP level 7. HP: 57/57 MP: 7/7
  3335 | D:4      | Gained mutation: Your system is resistant to poisons.
                  | (rPois) [Green Draconian growth]
  3371 | D:4      | Reached skill level 5 in Dodging
  3569 | D:5      | Entered Level 5 of the Dungeon
  3949 | D:5      | Reached skill level 4 in Maces & Flails
  4487 | D:6      | Found a sand-covered staircase.
  4500 | Ossuary  | Entered an ossuary
  4518 | Ossuary  | Reached * piety under Dithmenos
  4545 | Ossuary  | Reached skill level 5 in Maces & Flails
  4626 | Ossuary  | Reached XP level 8. HP: 66/66 MP: 8/8
  4671 | Ossuary  | Reached ** piety under Dithmenos
  4730 | Ossuary  | Got a translucent bronze ring
  4732 | Ossuary  | Identified the ring of Okawaru's Whim {Fire +Inv Int+2}
                  | (You found it in an ossuary)
  4887 | D:6      | Found Garuisyck's Book Emporium.
  4954 | D:6      | Found a burning altar of Makhleb.
  5090 | D:6      | Reached skill level 6 in Maces & Flails
  5288 | D:6      | Slain by a hound

Illustrated notes

Levels and vault maps discovered:
D:1:      wander_arrival_estate, layout_rooms, interstate_on_off,
          hangedman_decor_points
D:2:      kennysheep_big_flooded_room, layout_basic,
          nicolae_overflow_crystal_walls, grunt_temple_overflow_open,
          chequers_arboretum
D:3:      layout_basic
D:4:      cheibrodos_helix_gallery, layout_loops_ring,
          minmay_temple_entry_enclosed_plants, corexii_corridor_pit,
          uniq_grinder
D:5:      kennysheep_slugbush, layout_basic
D:6:      layout_loops_cross, enter_ossuary_5, serial_shops, shop_statue,
          makhleb_blood_cavern_becter
Temple:   minmay_crystal_spiral_temple

Skill      XL: |  1  2  3  4  5  6  7  8 |
---------------+-------------------------+-----
Dodging        | 3 4 5 |  5.8
Polearms       | 4 |  4.5
Stealth        | 1 2 |  2.5
Maces & Flails | 2 3 5 6 |  6.4
Fighting       | 3 4 |  4.5
Throwing       | |  1.9

Action                   |  1- 3 |  4- 6 |  7- 9 || total
-------------------------+-------+-------+-------++-------
Melee: Trident           |   108 |    52 |       ||   160
       Tailslap          |     9 |    13 |    40 ||    62
       Flail             |       |    84 |   288 ||   372
Throw: Throwing net      |       |     2 |       ||     2
 Stab: Sleeping          |     1 |     5 |     3 ||     9
       Held in net/web   |       |     1 |       ||     1
Armor: Skin              |    26 |    36 |    56 ||   118
Dodge: Dodged            |    72 |    96 |   215 ||   383
